 Dungeon Crawl Stone Soup version 0.21-a0-426-g98080a9 (webtiles) character file.

231 mastercheaf21 the Sneak (level 6, 0/39 HPs)
             Began as an Octopode Assassin on Nov 7, 2017.
             Succumbed to an adder's poison
             ... on level 3 of the Dungeon.
             The game lasted 00:10:57 (2586 turns).

mastercheaf21 the Sneak (Octopode Assassin)         Turns: 2586, Time: 00:10:58

Health: 0/39       AC:  1    Str: 12    XL:     6   Next: 3%
Magic:  6/6        EV: 13    Int: 13    God:
Gold:   62         SH:  0    Dex: 14    Spells: 5/5 levels left

rFire    + . .     SeeInvis .   a - +2 dagger
rCold    x . .     Gourm    .   (no shield)
rNeg     . . .     Faith    .   (helmet restricted)
rPois    .         Spirit   .   (no amulet)
rElec    .         Reflect  .   h - ring of fire
rCorr    .         Harm     .   (no ring)
MR       .....                  (no ring)
Stlth    ++++......             (no ring)
HPRegen  0.13/turn              (no ring)
MPRegen  0.10/turn              (no ring)
                                (no ring)
                                (no ring)

@: lethally poisoned (0 -> -6)
A: almost no armour, stealthy swim, amphibious, 8 rings, constrict 8, camouflage
1, gelatinous body 1
a: no special abilities


You were on level 3 of the Dungeon.
You were not hungry.

You visited 1 branch of the dungeon, and saw 3 of its levels.

You collected 62 gold pieces.

Inventory:

Hand Weapons
 a - a +2 dagger (weapon)
 b - a +0 blowgun
Missiles
 c - 8 poisoned needles
 d - 2 curare-tipped needles
 j - 11 tomahawks (quivered)
Jewellery
 h - a ring of fire (left tentacle)
Scrolls
 e - a scroll of noise {unknown}
 i - 3 scrolls of teleportation {unknown}
 l - a scroll of amnesia {unknown}
 m - a scroll of enchant armour {unknown}
 o - 2 scrolls of magic mapping {unknown}
 p - a scroll of remove curse {unknown}
 q - 2 scrolls of recharging {unknown}
 s - a scroll of identify {unknown}
Potions
 k - a potion of ambrosia {unknown}
Comestibles
 f - a bread ration
 g - a fruit
 n - a meat ration


   Skills:
 - Level 2.0 Fighting
 - Level 2.0 Short Blades
 - Level 2.0 Throwing
 - Level 1.0 Dodging
 - Level 7.0 Stealth
 * Level 4.6 Unarmed Combat


You had 5 spell levels left.
You didn't know any spells.

Dungeon Overview and Level Annotations

Branches:
Dungeon (3/15)

Altars:


Innate Abilities, Weirdness & Mutations

You cannot wear most types of armour.
You are very stealthy in the water. (Stealth+)
You are amphibious.
You can wear up to eight rings at the same time.
You can use your tentacles to constrict eight enemies at once.
Your skin changes colour to match your surroundings (Stealth+).
Your rubbery body absorbs attacks. (AC +1, EV +1)


Message History

You feel stronger.
* * * LOW HITPOINT WARNING * * *
You feel sick. The leopard gecko barely misses you.
You barely miss the leopard gecko. Your grab misses the leopard gecko.
You tentacle-slap the leopard gecko, but do no damage.
* * * LOW HITPOINT WARNING * * *
You feel sick. The leopard gecko bites you.
* * * LOW HITPOINT WARNING * * *
You closely miss the leopard gecko. You grab the leopard gecko.
Your squeeze misses the leopard gecko. You constrict the leopard gecko.
* * * LOW HITPOINT WARNING * * *
You feel sick. The leopard gecko barely misses you.
You hit the leopard gecko.
The leopard gecko is moderately wounded.
You constrict the leopard gecko. The leopard gecko closely misses you.
You hit the leopard gecko.
You kill the leopard gecko!
* * * LOW HITPOINT WARNING * * *
You feel sick.
You die...

.#.##.# .
...... ..
#.##.## ...
#(.... ....
#..#.# .....
#....#
......#.#..#
......'<†..#
......###)@#
o.......).>#
...#########
.. .


There were no monsters in sight!

Vanquished Creatures
  A centaur (D:2)
  4 gnolls (D:2)
  3 adders
  2 worms (D:2)
  3 dart slugs
  2 leopard geckos
  4 orcs (D:3)
  2 ball pythons
  5 bats
  4 giant cockroaches
  5 goblins
  5 hobgoblins
  7 jackals (D:1)
  11 kobolds
  A quokka (D:3)
  A frilled lizard (D:1)
  7 rats
67 creatures vanquished.

Notes
Turn   | Place    | Note
-------+----------+-------------------------------------------
     0 | D:1      | mastercheaf21 the Octopode Assassin began the quest for the Orb.
     0 | D:1      | Reached XP level 1. HP: 14/14 MP: 1/1
   482 | D:1      | Reached XP level 2. HP: 12/19 MP: 2/2
   627 | D:1      | Reached skill level 6 in Stealth
   973 | D:1      | Reached XP level 3. HP: 10/24 MP: 3/3
   975 | D:1      | Reached skill level 1 in Unarmed Combat
  1856 | D:2      | Reached XP level 4. HP: 22/29 MP: 4/4
  1948 | D:2      | Reached skill level 7 in Stealth
  2064 | D:2      | Noticed a centaur
  2076 | D:2      | Killed a centaur
  2076 | D:2      | Reached XP level 5. HP: 17/34 MP: 5/5
  2581 | D:3      | Reached XP level 6. HP: 8/39 MP: 6/6
  2585 | D:3      | HP: 1/39 [poisoned by an adder]
  2586 | D:3      | Succumbed to an adder's poison

Vault maps used:
D:1:      scummos_arrival_gate
D:3:      gup_sewer_entry_bubbles, minmay_misc_feat_diagonals

Skill      XL: |  1  2  3  4  5 |
---------------+----------------+-----
Stealth        | 6 7 |  7.0
Unarmed Combat | 1 3 4 |  4.6
Fighting       | |  2.0
Short Blades   | |  2.0
Throwing       | |  2.0
Dodging        | |  1.0

Action                   |  1- 3 |  4- 6 || total
-------------------------+-------+-------++-------
Melee: Unarmed           |   105 |    23 ||   128
       Constrict         |    26 |    19 ||    45
       Tentacles         |    14 |    22 ||    36
       Dagger            |       |    48 ||    48
       Punch             |       |     3 ||     3
 Stab: Sleeping          |    15 |     7 ||    22
       Distracted        |     1 |       ||     1
  Eat: Chunk             |     3 |     2 ||     5
Armor: Skin              |    14 |     4 ||    18
Dodge: Dodged            |    59 |    37 ||    96

Table legend:
 A = Spawn XP
 B = Non-spawn XP
 C = Spawn XP percentage of total XP
 D = Spawn monster count
 E = Non-spawn monster count
 F = Spawn count percentage of total count
 G = Total turns spent on level
                    A         B        C        D         E        F      G
               +---------+---------+-------+---------+---------+-------+---------
         Total |       0 |     330 |   0.0 |       0 |      67 |   0.0 |  2586
               +---------+---------+-------+---------+---------+-------+---------
           D:1 |       0 |      62 |   0.0 |       0 |      34 |   0.0 |  1737
           D:2 |       0 |     222 |   0.0 |       0 |      24 |   0.0 |   811
           D:3 |       0 |      46 |   0.0 |       0 |       9 |   0.0 |    38
               +---------+---------+-------+---------+---------+-------+---------
